 Dungeon Crawl Stone Soup version 0.31-a0-1074-g0b22e4e0f1 (webtiles) character file.

Game seed: 1973591184748615216

1661576 Forgeling the Axe Maniac (level 27, 273/273 HPs)
             Began as a Minotaur Cinder Acolyte on Dec 4, 2023.
             Was a Follower of Uskayaw.
             Escaped with the Orb
             ... and 3 runes on Dec 5, 2023!
             The game lasted 03:05:14 (74701 turns).

Forgeling the Axe Maniac (Minotaur Cinder Acolyte) Turns: 74701, Time: 03:05:15

Health: 273/273    AC: 52    Str: 27    XL:     27
Magic:  36/36      EV: 18    Int:  9    God:    Uskayaw [*.....]
Gold:   7570       SH: 23    Dex: 15    Spells: 28/28 levels left

rFire   + + +        a - +9 broad axe (flame)
rCold   + + +        b - +0 tower shield {rC+}
rNeg    + . .        c - +12 gold dragon scales
rPois   +            o - +1 hat {Will+}
rElec   +            s - +4 dragonskin cloak
rCorr   .            I - +1 pair of gloves {hurl}
SInv    +            T - +0 pair of boots of Distant Worlds {Rampage Will+ SInv}
Will    +++++        l - amulet "Taprosai" {Acrobat rPois rN+ Dex+3} Stlth
                     t - ring "Qukhluha" {*Slow rElec rPois rF+++ Will+}
HPRegen 0.65/turn    f - ring "Qaasu" {rC+ EV+5 Int-2 Slay+3}
MPRegen 0.25/turn

%: slow self (1%), acrobat, rampage
@: no status effects
A: horns 2, retaliatory headbutt, iridescent scales 1, sense surroundings 1,
screaming 1, inability to drink after injury 1
0: Orb of Zot
}: 3/15 runes: serpentine, barnacled, silver
a: Renounce Religion, Stomp


You escaped.
You worshipped Uskayaw.
Uskayaw was greatly pleased with you.
You visited 9 branches of the dungeon, and saw 47 of its levels.
You also visited: Gauntlet, Ice Cave, Volcano, Wizlab and Desolation.

You collected 11757 gold pieces.
You spent 4187 gold pieces at shops.

Inventory:

Hand Weapons
 a - a +9 broad axe of flaming (weapon)
Missiles
 j - 41 boomerangs
 p - 27 silver javelins
 u - 6 throwing nets
 w - 14 javelins
 L - 12 curare-tipped darts
Armour
 b - a +0 tower shield of cold resistance (worn)
 c - +12 gold dragon scales (worn)
 o - a +1 hat of willpower (worn)
 s - the +4 dragonskin cloak (worn)
   (You took it off Tiamat on level 1 of the Realm of Zot)

   Avatar's Aegis: It grants the wearer a chance to resist fire, cold, poison,
   electricity, acid, and negative energy.
 I - a +1 pair of gloves of hurling (worn)
 T - the +0 pair of boots of Distant Worlds (worn) {Rampage Will+ SInv}
   (You found it on level 3 of the Elven Halls)

   Will+:     It increases your willpower.
   SInv:      It lets you see invisible.
   Rampage:   It bestows one free step when moving towards enemies.
Jewellery
 f - the ring "Qaasu" (right hand) {rC+ EV+5 Int-2 Slay+3}
   (You took it off a deep elf demonologist on level 3 of the Elven Halls)

   [ring of evasion]

   EV+5:      It affects your evasion (+5).
   Int-2:     It affects your intelligence (-2).
   Slay+3:    It affects your accuracy & damage with ranged weapons and melee
   (+3).
   rC+:       It protects you from cold.
 l - the amulet "Taprosai" (around neck) {Acrobat rPois rN+ Dex+3}
   (You found it on level 11 of the Dungeon)

   [amulet of the acrobat]

   Acrobat:   It increases your evasion while moving and waiting.
   Dex+3:     It affects your dexterity (+3).
   rPois:     It protects you from poison rN+: It protects you from negative
   energy.
 t - the ring "Qukhluha" (left hand) {*Slow rElec rPois rF+++ Will+}
   (You found it in the Desolation of Salt)

   [ring of willpower]

   rF+++:     It renders you almost immune to fire.
   rElec:     It insulates you from electricity.
   rPois:     It protects you from poison Will+: It increases your willpower.
   *Slow:     It may slow you when you take damage.
 z - a ring of see invisible
 B - the ring "Tisumath" {rF+ rCorr Str-2 Dex+3 Stlth+}
   (You took it off a deep elf sorcerer on level 3 of the Elven Halls)

   [ring of protection from fire]

   Str-2:     It affects your strength (-2).
   Dex+3:     It affects your dexterity (+3).
   rF+:       It protects you from fire.
   rCorr:     It protects you from acid and corrosion.
   Stlth+:    It makes you more stealthy.
Wands
 d - a wand of digging (21)
 e - a wand of charming (68)
 h - a wand of quicksilver (27)
 i - a wand of roots (50)
 y - a wand of mindburst (48)
Scrolls
 q - 2 scrolls of enchant weapon
 D - 5 scrolls of blinking
 E - 12 scrolls of fear
 F - 8 scrolls of fog
 O - a scroll of silence
 P - 10 scrolls of poison
 S - 5 scrolls of butterflies
 V - 9 scrolls of vulnerability
 X - 9 scrolls of revelation {@r4}
 Y - 11 scrolls of teleportation {@r3}
 Z - 27 scrolls of identify {@r1}
Potions
 A - 6 potions of attraction
 C - 2 potions of cancellation
 G - a potion of ambrosia
 H - 5 potions of haste
 J - 24 potions of curing {@q1}
 M - 4 potions of might
 N - 11 potions of heal wounds {@q2}
 Q - 2 potions of magic
 R - 4 potions of resistance
 U - 8 potions of mutation
 W - 3 potions of enlightenment
Miscellaneous
 g - a condenser vane
 k - a sack of spiders
 m - a phantom mirror
 r - a phial of floods
 v - a lightning rod (4/4)


   Skills:
 O Level 27 Fighting
 O Level 27 Axes
 - Level 16.0 Throwing
 - Level 25.0 Armour
 - Level 15.7 Dodging
 - Level 12.5 Stealth
 - Level 24.0 Shields
 - Level 1.0 Spellcasting
 - Level 2.1 Fire Magic
 - Level 20.0 Invocations
 + Level 15.0 Evocations


You had 28 spell levels left.
You didn't know any spells.
Your spell library contained the following spells:

 Spells                   Type           Power      Damage    Failure   Level
 Foxfire                  Conj/Fire      8%         2x1d4     91%         1
 Scorch                   Fire           8%         2d5       91%         2
 Apportation              Tloc           0%         N/A       98%         1
 Freeze                   Ice            0%         1d3       98%         1
 Kiss of Death            Conj/Necr      0%         2d5       98%         1
 Magic Dart               Conj           0%         1d3       98%         1
 Necrotise                Necr           0%         1d4       98%         1
 Sandblast                Erth           0%         2d4       98%         1
 Slow                     Hex            0%         N/A       98%         1
 Sting                    Tmut/Pois      0%         1d3       98%         1
 Summon Small Mammal      Summ           0%         N/A       98%         1
 Cigotuvi's Dreadful Rot  Necr/Pois/Air  0%         N/A       99%         2
 Ensorcelled Hibernation  Hex/Ice        0%         N/A       99%         2
 Jinxbite                 Hex            0%         N/A       99%         2
 Lesser Beckoning         Tloc           0%         N/A       99%         2
 Momentum Strike          Conj/Tloc      0%         3d8       99%         2
 Passwall                 Tmut/Erth      0%         N/A       99%         2
 Poisonous Vapours        Pois/Air       0%         N/A       99%         2
 Searing Ray              Conj           0%         2d4       99%         2
 Static Discharge         Conj/Air       0%         3-3/arc   99%         2
 Sublimation of Blood     Necr           0%         N/A       99%         2
 Wereblood                Tmut           0%         N/A       99%         2
 Confusing Touch          Hex            0%         N/A       100%        3
 Frozen Ramparts          Ice            0%         1d1       100%        3
 Gell's Gravitas          Tloc           0%         N/A       100%        3
 Hailstorm                Conj/Ice       0%         3d3       100%        3
 Ignite Poison            Fire/Tmut/Pois 1%         N/A       100%        3
 Mephitic Cloud           Conj/Pois/Air  0%         N/A       100%        3
 Ozocubu's Armour         Ice            0%         N/A       100%        3
 Sigil of Binding         Hex            0%         N/A       100%        3
 Stone Arrow              Conj/Erth      0%         3d7       100%        3
 Swiftness                Air            0%         N/A       100%        3
 Teleport Other           Tloc           0%         N/A       100%        3
 Vampiric Draining        Necr           0%         2d6       100%        3
 Volatile Blastmotes      Fire/Tloc      4%         2d10      100%        3
 Airstrike                Air            0%         2d(0-16)  100%        4
 Anguish                  Hex/Necr       0%         N/A       100%        4
 Animate Armour           Summ/Erth      0%         N/A       100%        4
 Animate Dead             Necr           0%         N/A       100%        4
 Brom's Barrelling Bould  Conj/Erth      0%         2d3       100%        4
 Cause Fear               Hex            0%         N/A       100%        4
 Dimensional Bullseye     Hex/Tloc       0%         N/A       100%        4
 Dispel Undead            Necr           0%         3d6       100%        4
 Flame Wave               Conj/Fire      2%         2d4       100%        4
 Fulminant Prism          Conj/Hex       0%         3d5       100%        4
 Iskenderun's Mystic Bla  Conj/Tloc      0%         2d3       100%        4
 Manifold Assault         Tloc           0%         N/A       100%        4
 Olgreb's Toxic Radiance  Pois           0%         N/A       100%        4
 Petrify                  Tmut/Erth      0%         N/A       100%        4
 Summon Ice Beast         Ice/Summ       0%         N/A       100%        4
 Summon Lightning Spire   Summ/Air       0%         N/A       100%        4
 Agony                    Necr           0%         N/A       100%        5
 Alistair's Intoxication  Tmut/Pois      0%         N/A       100%        5
 Fireball                 Conj/Fire      1%         3d3       100%        5
 Freezing Cloud           Conj/Ice/Air   0%         6-21      100%        5
 Irradiate                Conj/Tmut      0%         3d11      100%        5
 Iskenderun's Battlesphe  Conj           0%         2d6       100%        5
 Lee's Rapid Deconstruct  Erth           0%         3d4*      100%        5
 Metabolic Englaciation   Hex/Ice        0%         N/A       100%        5
 Summon Forest            Summ/Tloc      0%         N/A       100%        5
 Summon Mana Viper        Hex/Summ       0%         N/A       100%        5
 Bombard                  Conj/Erth      0%         9d1       100%        6
 Conjure Ball Lightning   Conj/Air       0%         3x3d6     100%        6
 Dispersal                Tloc           0%         N/A       100%        6
 Plasma Beam              Fire/Air       1%         2x1d11    100%        6
 Simulacrum               Ice/Necr       0%         N/A       100%        6
 Starburst                Conj/Fire      1%         6d3       100%        6
 Summon Cactus Giant      Summ           0%         N/A       100%        6
 Enfeeble                 Hex            0%         N/A       100%        7
 Orb of Destruction       Conj           0%         9d5       100%        7
 Ozocubu's Refrigeration  Ice            0%         4d7       100%        7
 Spellforged Servitor     Conj/Summ      0%         N/A       100%        7
 Summon Hydra             Summ           0%         N/A       100%        7
 Discord                  Hex            0%         N/A       100%        8
 Disjunction              Tloc           0%         N/A       100%        8
 Ignition                 Fire           2%         3d3       100%        8
 Lehudib's Crystal Spear  Conj/Erth      0%         10d2      100%        8
 Death's Door             Necr           0%         N/A       100%        9


Dungeon Overview and Level Annotations

Branches:
Dungeon (15/15)            Temple (0/1) D:4            Lair (5/5) D:8
 Shoals (4/4) Lair:2        Snake (4/4) Lair:2        Slime (0/5) Lair:5
    Orc (2/2) D:11            Elf (3/3) Orc:2        Vaults (5/5) D:14
  Crypt (0/3) Vaults:2     Depths (4/4) D:15            Zot (5/5) Depths:4
  IceCv (visited)         Volcano (visited)          WizLab (visited)
Desolation (visited)      Gauntlet (visited)

Altars:
Cheibriados
Dithmenos
Elyvilon
Hepliaklqana
Kikubaaqudgha
Makhleb
Nemelex Xobeh
Okawaru
Qazlal
Ru
Sif Muna
Trog
Uskayaw
Vehumet
Wu Jian
Xom
Yredelemnul
The Shining One
Jiyva
Lugonu

Shops:
D:7 (   D:8 *   D:11 (   D:15 *   Orc:2 [:?(   Elf:2 *:   Shoals:1 [
Shoals:3 !   Snake:1 :   Snake:2 [   Vaults:2 (***!   Vaults:4 (
Depths:1 =**!(

Portals:
Hell: Lair:5 Depths:1 Depths:2 Depths:3 Depths:4
Abyss: Depths:1 Depths:2 Depths:3 Depths:4
Pandemonium: Depths:2 Depths:4
Ziggurat: Depths:4
Trove: D:10 (give 12 potions of heal wounds)

Annotations:
Depths:4 exclusions: 2 shining eyes and 3 more exclusions
Zot:5 1 exclusion


Innate Abilities, Weirdness & Mutations

You have a pair of horns on your head.
You reflexively headbutt those who attack you in melee.
You are partially covered in iridescent scales. (AC +2)
You passively map a small area around you.
You occasionally shout uncontrollably at your foes.
You occasionally lose the ability to drink potions when taking damage.


Message History

There is a stone staircase leading up, spattered with blood here.
You climb upwards.
There is a stone staircase leading down here.
What level of the Dungeon? (default 1, ? - help)
There is a stone staircase leading up, spattered with blood here.
You climb upwards.
There is a stone staircase leading down here.
There is a stone staircase leading up here.
You climb upwards.
There is a stone staircase leading down here.
There is a stone staircase leading up here.
You climb upwards.
There is a stone staircase leading down here.
An ancient lich comes into view.
You yell at the ancient lich!
Unknown command.
A Brimstone Fiend and a large abomination come into view.
The Brimstone Fiend roars!
The ancient lich moves out of view.
Kotuopen comes into view. It is armed with a chaotic touch.
There is a stone staircase leading up here.
You climb upwards.
There is a stone staircase leading down here.
What level of the Dungeon? (default 1, ? - help)
An Executioner comes into view.
The Executioner gives a hideous shriek!
Zesuq comes into view.
Zesuq howls, "Surrender, thou mangled doghearted frater!"
Zesuq gestures at you.
A rust devil comes into view.
Blink to where?
Press: ? - help, Dir - move target
As you read the scroll of blinking, it crumbles to dust.
The Executioner gestures.
The Executioner seems to speed up.
There is a stone staircase leading up here.
You climb upwards.
There is a stone staircase leading down here.
There is a staircase leading out of the dungeon here.
You have escaped!

.......# #........#.....#........
#.....####........##...##.[....[.
#....###.#.........'###'.........
#.#####..#..........# #######.#.^
#.# #..###.##...### #.... #.#
#..# #.######### ##.... #.# #.##
#.##...#'.## ##..... #.# ###.#
#.#.....#..#####.[.... ..###...#
#.#..@..#.⌠..#........ ..##..#.#
#.#.....#............. ..##.##.#
#.##...#'..)..........
.....##.####.#######.#...........
...####.##...#.....#.............
...####.##.#.#.....#..#..........
...................'###+.........
..................##...##........
...#..............#.....#........


There were no monsters in sight!

Vanquished Creatures
  3 dread liches
  Tiamat (Zot:1)
  2 ancient liches (Zot:5)
  6 orbs of fire (Zot:5)
  4 juggernauts
  4 Killer Klowns (Zot:5)
  Parghit (Zot:1)
  6 curse toes
  9 golden dragons
  9 caustic shrikes
  A Hellbinder (WizLab)
  4 electric golems
  A Tzitzimitl (Depths:4)
  An Ice Fiend (D:10)
  21 tentacled monstrosities
  2 pandemonium lords
  A walking earthen tome (Depths:3)
  A hellephant (WizLab)
  Rupert (Lair:3)
  3 walking crystal tomes
  Jorgrun (Orc:1)
  7 liches
  28 Orb Guardians
  3 deep elf blademasters
  A deep elf master archer (Elf:3)
  The ghost of Vudgh the Slayer, an adept MiFi of the Shining One (Snake:1)
  7 titans
  2 walking divine tomes
  7 quicksilver dragons
  3 tentacled starspawn (Depths:2)
  13 sphinxes
  Gastronok (Lair:1)
  4 death cobs (Zot:2)
  2 Executioners (Zot:3)
  A kraken (Shoals:2)
  The ghost of Sugyll the Devastator, an adept TeAE of Hepliaklqana (Elf:3)
  The ghost of Drain the Bludgeoner, an adept HOFi of Gozag (Shoals:2)
  10 shadow dragons
  6 draconian monks
  Roxanne (Shoals:1)
  Donald (Orc:2)
  21 storm dragons
  Aizul (Snake:2)
  14 fire giants
  7 nagarajas
  19 vault wardens
  11 deep elf sorcerers
  4 iron dragons
  9 tengu reavers
  2 ghost moths
  18 frost giants
  12 draconian knights
  4 draconian shifters
  Louise (Shoals:1)
  9 balrugs
  3 imperial myrmidons (Desolation)
  9 draconian scorchers
  4 deep elf elementalists (Elf:3)
  A war gargoyle (Vaults:5)
  2 orc warlords
  9 draconian annihilators
  6 formless jellyfish
  20 ironbound preservers
  14 stone giants
  24 very ugly things
  8 draconian stormcallers
  10 spriggan defenders
  9 green draconians
  6 deep elf demonologists
  9 ironbound thunderhulks
  6 vampire knights
  2 eleionomae (Shoals:2)
  17 black draconians
  A lorocyproca (WizLab)
  15 red draconians
  10 dire elephants (Vaults:2)
  A halazid warlock (Desolation)
  A minotaur (Gauntlet)
  12 spark wasps
  9 deep elf annihilators
  8 yellow draconians
  18 purple draconians
  5 white draconians
  2 crystal guardians (Desolation)
  10 blizzard demons
  13 deep elf death magi
  13 fire dragons
  An eidolon (Vaults:2)
  2 jiangshi
  10 merfolk impalers
  Josephine (D:10)
  A spriggan zombie (Depths:1)
  A green death (Gauntlet)
  6 merfolk javelineers
  15 ettins
  The ghost of kd29 the Mimic, a journeyman OpSh of Gozag (Lair:1)
  9 deep elf high priests
  2 entropy weavers
  A rakshasa (Depths:2)
  13 yaktaur captains
  7 ice dragons
  4 great orbs of eyes
  39 vault guards
  6 ragged hierophants (Desolation)
  4 salamander tyrants (Snake:4)
  2 great orbs of eyes (shapeshifter)
  Erolcha (D:10)
  10 servants of whispers (Desolation)
  7 hydras
  6 peacekeepers
  An alligator snapping turtle (Shoals:4)
  3 hell beasts
  A catoblepas (Lair:5)
  3 spriggan air magi
  12 centaur warriors
  7 ironbound frosthearts
  6 ogre magi
  11 boulder beetles
  14 anacondas
  29 dancing weapons
  A death knight (Vaults:2)
  10 merfolk aquamancers
  11 naga warriors
  5 satyrs
  6 tengu warriors
  5 death yaks (Lair:3)
  12 deep troll shamans
  4 vampire magi
  22 two-headed ogres
  An orc high priest (Elf:1)
  9 naga sharpshooters
  4 shock serpents
  5 spriggan berserkers
  An occultist (Lair:5)
  Urug (Lair:3)
  8 hell knights (Vaults:5)
  14 deep troll earth magi
  16 deep elf knights
  3 thrashing horrors (Depths:2)
  A wretched star (Depths:2)
  6 soul eaters
  4 sun demons
  A shadow wraith (Vaults:2)
  A skeletal warrior (D:11)
  A skyshark (shapeshifter) (Vaults:1)
  3 skysharks
  9 salamander mystics
  21 iron trolls
  A storm dragon skeleton (Vaults:4)
  10 sea snakes
  3 sixfirhies
  A shadow demon (WizLab)
  4 spark wasp zombies (Depths:1)
  51 deep trolls
  11 naga ritualists
  2 glowing orange brains
  An obsidian statue (Zot:5)
  4 large abominations (Depths:2)
  8 flayed ghosts
  2 bog bodies (IceCv)
  15 lindwurms
  24 deep elf zephyrmancers
  10 phantasmal warriors
  A shadow dragon zombie (Vaults:2)
  8 arcanists
  33 ironbound convokers
  13 deep elf archers
  32 deep elf pyromancers
  20 harpies
  A wolf spider (Gauntlet)
  A tengu skeleton (Vaults:4)
  4 necromancers
  14 orc knights
  18 fauns
  7 cyclopes
  3 orc sorcerers
  15 manticores
  A human zombie (Vaults:2)
  21 moths of wrath
  8 mana vipers
  A mana viper (shapeshifter) (Depths:2)
  17 ugly things
  28 salamanders
  32 black mambas
  23 elephants
  6 guardian serpents
  A stone giant skeleton (Vaults:2)
  20 vault sentinels
  8 merfolk sirens
  14 naga magi
  7 rust devils
  20 water nymphs
  2 gargoyles
  A torpor snail (shapeshifter) (Vaults:5)
  Jeremiah (D:7)
  17 cane toads
  2 elf skeletons (Vaults:4)
  5 smoke demons
  7 orange demons
  An ice statue (IceCv)
  A molten gargoyle (Desolation)
  35 yaktaurs
  A komodo dragon (shapeshifter) (Elf:1)
  An efreet (D:15)
  6 torpor snails
  A rime drake (shapeshifter) (D:14)
  A freezing wraith (Vaults:5)
  A yaktaur zombie (Vaults:1)
  6 rime drakes
  2 unseen horrors
  3 anaconda simulacra (IceCv)
  9 komodo dragons
  6 tengu conjurers
  2 ice devils (Lair:5)
  3 yaktaur skeletons
  A tormentor (WizLab)
  4 red devils (WizLab)
  An ancient zyme (Depths:2)
  A meliai (shapeshifter) (D:14)
  8 trolls
  33 merfolk
  A polar bear (Lair:2)
  60 saltlings
  7 wind drakes
  5 hellwings
  5 glass eyes
  17 dream sheep
  16 blink frogs
  4 snapping turtles
  A glass eye (shapeshifter) (Depths:4)
  A stone giant simulacrum (Vaults:2)
  A fire giant simulacrum (Vaults:2)
  A jumping spider (Gauntlet)
  A shadow (D:9)
  25 slime creatures
  6 wraiths
  10 air elementals
  21 water elementals
  4 wyverns
  A culicivora (shapeshifter) (D:14)
  3 starcursed masses (Depths:2)
  2 golden eyes (shapeshifter)
  A hog (shapeshifter) (Depths:3)
  39 yaks
  A dire elephant simulacrum (IceCv)
  14 fire elementals
  3 basilisks
  A redback (Gauntlet)
  A chaos spawn (Depths:1)
  3 death yak simulacra (IceCv)
  A steam dragon (D:6)
  20 vampire mosquitoes
  24 nagas
  4 wargs
  A harpy simulacrum (IceCv)
  An ogre zombie (Vaults:4)
  A glowing shapeshifter zombie (Vaults:1)
  4 hell hounds (Lair:5)
  3 acid dragons
  A hydra simulacrum (IceCv)
  13 water moccasins
  17 orc warriors
  3 black bears
  A boggart (D:11)
  19 centaurs
  28 ogres
  A wolf (Lair:1)
  A human skeleton (Vaults:4)
  An elf simulacrum (Vaults:4)
  17 bullfrogs
  3 kobold brigands
  5 two-headed ogre simulacra (IceCv)
  4 earth elementals
  7 scorpions
  A skyshark simulacrum (Lair:1)
  2 cane toad simulacra
  4 wights (D:6)
  4 killer bees (D:10)
  A human simulacrum (Vaults:1)
  2 elephant simulacra (IceCv)
  3 jellies
  2 electric eels (D:10)
  5 howler monkeys
  2 komodo dragon simulacra (Lair:1)
  A lava snake (Snake:4)
  Crazy Yiuf (D:3)
  2 gnoll boudas
  13 orc priests
  6 hounds
  2 water moccasin simulacra (Lair:1)
  Jessica (D:3)
  Natasha (thrice) (D:3)
  2 iguanas (D:5)
  16 orc wizards
  3 polar bear simulacra (IceCv)
  2 spriggan simulacra (IceCv)
  6 troll simulacra (IceCv)
  2 wolf simulacra
  12 gnolls
  4 adders
  9 naga simulacra (IceCv)
  3 shadow imps
  9 white imps
  10 ufetubi
  A dart slug (D:2)
  85 orcs
  5 bats
  11 endoplasms
  A giant cockroach (D:3)
  6 goblins
  5 hobgoblins
  5 jackals
  33 kobolds
  3 quokkas
  3 ball pythons
  4 frilled lizards
  6 rats
  A spectral goblin (D:10)
  A lurking horror (Depths:2)
  A tentacle (Shoals:2)
2437 creatures vanquished.

Vanquished Creatures (collateral kills)
  Zenata (Elf:1)
  A balrug (WizLab)
  An ogre mage (Orc:2)
  A two-headed ogre (Orc:2)
  2 deep elf zephyrmancers (Elf:1)
  4 ogres (Orc:2)
  A gnoll (Orc:1)
  An orc (Orc:1)
12 creatures vanquished.

Vanquished Creatures (others)
  A deep elf elementalist (Elf:3)
  A centaur warrior (D:14)
  A merfolk aquamancer (Shoals:4)
  2 deep elf knights
  A deep elf zephyrmancer (Elf:1)
  A rime drake (Lair:1)
  A saltling (Desolation)
  A water elemental (Shoals:2)
  A wyvern (shapeshifter) (Depths:2)
  A centaur (D:15)
  An orc (Vaults:5)
  37 foxfires
  7 starspawn tentacles (Depths:2)
  4 tentacles (Shoals:2)
60 creatures vanquished.

Grand Total: 2509 creatures vanquished

Notes
Turn   | Place    | Note
-------+----------+-------------------------------------------
     0 | D:1      | Forgeling the Minotaur Cinder Acolyte began the quest for
                  | the Orb.
     0 | D:1      | Reached XP level 1. HP: 19/19 MP: 1/1
   141 | D:1      | Reached XP level 2. HP: 26/26 MP: 2/2
   350 | D:2      | Found a faded altar of an unknown god.
   463 | D:2      | Reached skill level 5 in Axes
   483 | D:2      | Reached XP level 3. HP: 30/31 MP: 3/3
  1418 | D:3      | Noticed a black bear
  1424 | D:4      | Found a staircase to the Ecumenical Temple.
  1437 | D:4      | Reached XP level 4. HP: 38/39 MP: 4/4
  1531 | D:3      | Noticed Jessica
  1656 | D:3      | Killed a black bear
  1657 | D:3      | Reached XP level 5. HP: 44/45 MP: 5/5
  1751 | D:3      | Noticed Natasha
  1756 | D:3      | Killed Natasha
  1763 | D:3      | Identified the +0 plate armour of Yhyangan {+Inv MP-9
                  | Str+7}
  1940 | D:3      | Found a runed translucent door.
  1941 | D:3      | Noticed Crazy Yiuf
  2037 | D:3      | Killed Jessica
  2038 | D:3      | Reached XP level 6. HP: 51/51 MP: 0/6
  2117 | D:3      | Noticed Natasha
  2123 | D:3      | Killed Natasha
  2124 | D:3      | Reached skill level 1 in Armour
  2348 | D:4      | Found a sparkling altar of Nemelex Xobeh.
  2643 | D:4      | Found a glowing golden altar of the Shining One.
  2643 | D:4      | Found a hazy altar of Hepliaklqana.
  2643 | D:4      | Found a hazy altar of Hepliaklqana.
  2643 | D:4      | Found an ancient bone altar of Kikubaaqudgha.
  2643 | D:4      | Found a basalt altar of Yredelemnul.
  2643 | D:4      | Found a hazy altar of Hepliaklqana.
  3095 | D:5      | Entered Level 5 of the Dungeon
  3122 | D:5      | Reached XP level 7. HP: 50/57 MP: 0/7
  3221 | D:5      | Reached skill level 10 in Axes
  3379 | D:5      | Found a white marble altar of Elyvilon.
  3487 | D:5      | Found a radiant altar of Vehumet.
  3497 | D:5      | Found a sacrificial altar of Ru.
  3501 | D:5      | Found an iron altar of Okawaru.
  3891 | D:6      | Reached XP level 8. HP: 58/64 MP: 0/8
  4047 | D:6      | Reached skill level 5 in Armour
  4755 | D:3      | Noticed Natasha
  4758 | D:3      | Killed Natasha
  4819 | D:3      | Killed Crazy Yiuf
  4920 | D:7      | Noticed Jeremiah
  4930 | D:7      | Killed Jeremiah
  4931 | D:7      | Reached skill level 5 in Fighting
  4931 | D:7      | Reached XP level 9. HP: 60/74 MP: 0/9
  5263 | D:7      | Found Ellaimo's Antique Weapon Emporium.
  5307 | D:7      | Found a hide-covered altar of Uskayaw.
  5307 | D:7      | Found a shadowy altar of Dithmenos.
  5832 | D:8      | Found a staircase to the Lair.
  6195 | D:8      | Found Muubbeischur's Mail-Order Catalogue.
  7126 | D:10     | Entered Level 10 of the Dungeon
  7187 | D:10     | Reached XP level 10. HP: 86/86 MP: 1/10
  7258 | D:10     | Found an ancient bone altar of Kikubaaqudgha.
  7386 | D:10     | Reached skill level 1 in Throwing
  7391 | D:10     | Reached skill level 1 in Evocations
  7459 | D:10     | Noticed Josephine
  7528 | D:10     | Killed Josephine
  7603 | D:10     | Noticed a red ugly thing
  7613 | D:10     | Killed a red ugly thing
  7619 | D:10     | Found a portal to a secret trove of treasure.
  7684 | D:10     | Reached skill level 15 in Axes
  7709 | D:10     | Noticed Erolcha
  7723 | D:10     | Killed Erolcha
  7785 | D:10     | Reached XP level 11. HP: 92/92 MP: 2/11
  7991 | D:10     | Found a hazy altar of Hepliaklqana.
  8250 | D:11     | Noticed a two-headed ogre
  8261 | D:11     | Killed a two-headed ogre
  8662 | D:11     | Found Nume's Weapon Boutique.
  8662 | D:11     | Found a staircase to the Orcish Mines.
  8754 | D:11     | Found a runed translucent door.
  8754 | D:11     | Noticed a skeletal warrior
  8754 | D:11     | Noticed an ogre mage
  8754 | D:11     | Noticed a two-headed ogre
  8851 | D:11     | Noticed a two-headed ogre
  8858 | D:11     | Killed a two-headed ogre
  8896 | D:11     | Noticed a boulder beetle
  8909 | D:11     | Killed a boulder beetle
  8969 | D:11     | Noticed a boulder beetle
  8993 | D:11     | Killed a boulder beetle
  8994 | D:11     | Reached skill level 5 in Throwing
  8994 | D:11     | Reached skill level 10 in Armour
  9078 | D:11     | Noticed a boulder beetle
  9102 | D:11     | Killed a boulder beetle
  9187 | D:11     | Noticed a boulder beetle
  9198 | D:11     | Killed a boulder beetle
  9199 | D:11     | Reached skill level 5 in Evocations
  9214 | D:11     | Identified the amulet "Taprosai" {Acrobat rPois rN+ Dex+3}
  9214 | D:11     | Noticed a centaur warrior
  9214 | D:11     | Noticed an orc knight
  9214 | D:11     | Found the +8 pair of quick blades "Gyre" and "Gimble"
                  | {protect}
  9222 | D:11     | Killed an orc knight
  9225 | D:11     | Noticed a six-headed hydra
  9230 | D:11     | Killed a centaur warrior
  9231 | D:11     | Reached skill level 10 in Fighting
  9237 | D:11     | Killed a six-headed hydra
  9238 | D:11     | Reached XP level 12. HP: 59/108 MP: 1/12
  9246 | D:11     | Noticed a centaur warrior
  9258 | D:11     | Killed a centaur warrior
  9309 | D:11     | Got the Secrets of Violent Rot
  9322 | D:11     | Found a runed translucent door.
  9322 | D:11     | Noticed a boulder beetle
  9324 | D:11     | Found a runed translucent door.
  9324 | D:11     | Noticed a tengu warrior
  9790 | Lair:1   | Entered Level 1 of the Lair of Beasts
 10179 | Lair:1   | Noticed Gastronok
 10219 | Lair:1   | Found a runed translucent gate.
 10219 | Lair:1   | Found a runed translucent gate.
 10219 | Lair:1   | Found a runed translucent gate.
 10772 | Lair:2   | Found a dark tunnel.
 10787 | Volcano  | Entered a volcano
 10807 | Volcano  | Found a burning altar of Makhleb.
 11069 | Volcano  | Noticed a red draconian
 11165 | Volcano  | Killed a red draconian
 11427 | Lair:2   | Found a staircase to the Snake Pit.
 11479 | Lair:2   | Identified the +3 rapier of the Crafting Gods {vamp, rElec
                  | rF- Dex+3 SInv}
 11549 | Lair:2   | Found a staircase to the Shoals.
 12286 | Lair:3   | Reached XP level 13. HP: 113/119 MP: 4/13
 12445 | Lair:3   | Noticed Rupert
 13222 | Lair:3   | Noticed Urug
 13233 | Lair:3   | Killed Urug
 14876 | Lair:5   | Entered Level 5 of the Lair of Beasts
 14941 | Lair:5   | Reached skill level 1 in Shields
 14990 | Lair:5   | Found a gate leading to a gauntlet.
 15044 | Gauntlet | Entered a Gauntlet
 15044 | Gauntlet | Found a transporter.
 15044 | Gauntlet | Found a transporter.
 15044 | Gauntlet | Found a runed translucent door.
 15044 | Gauntlet | Found a runed translucent door.
 15056 | Gauntlet | Found a transporter.
 15074 | Gauntlet | Found a transporter.
 15074 | Gauntlet | Found a transporter.
 15074 | Gauntlet | Found a transporter.
 15076 | Gauntlet | Found a transporter.
 15077 | Gauntlet | Found a transporter.
 15081 | Gauntlet | Noticed a green death
 15088 | Gauntlet | Found a transporter.
 15102 | Gauntlet | Noticed a reaper
 15104 | Gauntlet | Found a transporter.
 15114 | Gauntlet | Found a transporter.
 15131 | Gauntlet | Found a transporter.
 15148 | Gauntlet | Found a transporter.
 15160 | Gauntlet | Found a transporter.
 15233 | Gauntlet | Identified the ring "Xixoic" {rPois rN+}
 15262 | Gauntlet | Reached skill level 5 in Shields
 15271 | Gauntlet | Identified the +3 helmet "Qumotsow" {rPois rN+ Str+2}
 15417 | Gauntlet | Killed a green death
 15431 | Gauntlet | Identified the +0 pair of boots "Kuifik" {-Cast Fly rN+}
 15519 | Gauntlet | Noticed a minotaur
 15530 | Gauntlet | Killed a minotaur
 15531 | Gauntlet | Reached XP level 14. HP: 107/132 MP: 5/14
 15542 | Gauntlet | Identified the ring "Doog" {*Slow rElec Str+3 Int+6 Slay+2
                  | Stlth+}
 15543 | Gauntlet | Got the Enchiridion on the Ill-fated Salvo
 16004 | Lair:5   | Found a snail-covered altar of Cheibriados.
 16202 | Lair:5   | Reached skill level 10 in Shields
 16291 | Lair:5   | Found a viscous altar of Jiyva.
 16291 | Lair:5   | Found a staircase to the Slime Pits.
 17541 | Orc:1    | Entered Level 1 of the Orcish Mines
 17554 | Orc:1    | Noticed Jorgrun
 17571 | Orc:1    | Killed Jorgrun
 17572 | Orc:1    | Reached skill level 1 in Dodging
 17603 | Orc:1    | Found a frozen archway.
 17696 | IceCv    | Entered an ice cave
 17860 | IceCv    | Identified the ring "Joxzenan" {Contam AC+4 Dex+3 Slay+3
                  | SInv}
 19286 | Orc:2    | Entered Level 2 of the Orcish Mines
 19385 | Orc:2    | Noticed Donald
 19408 | Orc:2    | Killed Donald
 19606 | Orc:2    | Reached skill level 5 in Dodging
 19755 | Orc:1    | Reached XP level 15. HP: 132/138 MP: 6/15
 19822 | Orc:2    | Paralysed by an ogre mage for 4 turns
 19971 | Orc:2    | Reached skill level 10 in Evocations
 20060 | Orc:2    | Paralysed by an ogre mage for 5 turns
 20248 | Orc:2    | Found a staircase to the Elven Halls.
 20359 | Orc:2    | Found Waetruaq's Armour Emporium.
 20360 | Orc:2    | Found Tubumiaff's Magic Scroll Shop.
 20360 | Orc:2    | Found Fuwi's Antique Weapon Shoppe.
 20360 | Orc:2    | Found Hasom's Book Shop.
 20584 | Orc:1    | Paralysed by an orc sorcerer for 4 turns
 20864 | Orc:2    | Bought a scroll of acquirement for 832 gold pieces
 20864 | Orc:2    | Bought a scroll of blinking for 120 gold pieces
 20864 | Orc:2    | Bought a scroll of identify for 32 gold pieces
 20864 | Orc:2    | Bought a scroll of identify for 32 gold pieces
 20864 | Orc:2    | Bought a scroll of identify for 32 gold pieces
 20865 | Orc:2    | Acquired 982 gold pieces
 20877 | Orc:2    | Bought a +1 pair of gloves for 149 gold pieces
 21417 | Lair:1   | Noticed kd29's ghost (journeyman OpSh)
 21453 | Snake:1  | Entered Level 1 of the Snake Pit
 21756 | Snake:1  | Found Mixyhogg's Self-Improvement Boutique.
 21966 | D:7      | Fell from the grace of Ignis
 21966 | D:7      | Became a worshipper of Uskayaw the Reveller
 22175 | Snake:1  | Reached * piety under Uskayaw
 22184 | Snake:1  | Reached ** piety under Uskayaw
 22187 | Snake:1  | Reached *** piety under Uskayaw
 22189 | Snake:1  | Reached **** piety under Uskayaw
 22190 | Snake:1  | You are sucked into a shaft and drop 1 floor!
 22190 | Snake:2  | Identified the serpent talisman of Protective Custody
                  | {Str-4 Dex+4 Slay+2}
 22190 | Snake:2  | Noticed Aizul
 22194 | Snake:2  | Reached ***** piety under Uskayaw
 22200 | Snake:2  | Reached ****** piety under Uskayaw
 22202 | Snake:2  | Killed Aizul
 22386 | Snake:2  | Reached skill level 1 in Invocations
 22574 | Snake:2  | You are sucked into a shaft and drop 1 floor!
 22751 | Snake:2  | Found Utash's Antique Armour Shoppe.
 22860 | Snake:1  | Bought a manual of Invocations for 1200 gold pieces
 23041 | Snake:1  | Found a runed translucent door.
 23041 | Snake:1  | Found a shimmering altar of Xom.
 23041 | Snake:1  | Noticed Vudgh's ghost (adept MiFi)
 23665 | Lair:1   | Killed Gastronok
 23666 | Lair:1   | Reached skill level 5 in Invocations
 24043 | Snake:2  | Noticed a nagaraja
 24053 | Snake:2  | Killed a nagaraja
 25010 | Snake:3  | Noticed a nagaraja
 25024 | Snake:3  | Killed a nagaraja
 25025 | Snake:3  | Reached skill level 10 in Invocations
 25096 | Snake:3  | Reached XP level 16. HP: 140/146 MP: 13/22
 25111 | Snake:3  | You are sucked into a shaft and drop 1 floor!
 25111 | Snake:4  | Entered Level 4 of the Snake Pit
 25559 | Snake:3  | Was forgiven by Ignis
 25642 | Snake:3  | Identified the +7 long sword of Popular Demand {freeze,
                  | rC++ rN+++}
 26325 | Snake:3  | Identified the +6 trident of the Vanishing Knaves {heavy,
                  | rElec rF+}
 26502 | Snake:1  | Bought a manual of Dodging for 1200 gold pieces
 26616 | Snake:4  | Reached skill level 1 in Stealth
 28328 | Snake:4  | Reached skill level 10 in Dodging
 28469 | Snake:4  | Reached XP level 17. HP: 97/154 MP: 16/25
 28811 | Snake:4  | Got a serpentine rune of Zot
 29636 | D:13     | Found a sacrificial altar of Ru.
 30109 | D:14     | Found a gate to the Vaults.
 30131 | D:14     | Reached skill level 15 in Fighting
 30568 | D:14     | Found a transporter.
 30569 | D:14     | Found a transporter.
 30570 | D:14     | Found a shimmering blue altar of Sif Muna.
 31019 | D:15     | Entered Level 15 of the Dungeon
 31365 | D:15     | Found an ornate altar of the Wu Jian Council.
 31410 | D:15     | Found Vibritem's Assorted Antiques.
 31413 | D:15     | Bought a bubbling brown potion for 24 gold pieces
 31436 | D:15     | Found a staircase to the Depths.
 31550 | D:15     | Identified the flux talisman of Waps {rC+ Int+4}
 32711 | Lair:1   | Killed kd29's ghost
 32741 | Lair:1   | Got the ring "Hacsinn" {Fire *Slow Will+ Str+9 Stlth+}
 33015 | Lair:3   | Killed Rupert
 33512 | Lair:5   | Found a burning altar of Makhleb.
 33550 | Lair:5   | Found a gateway to Hell.
 34006 | Shoals:1 | Entered Level 1 of the Shoals
 34149 | Shoals:1 | Noticed Louise
 34163 | Shoals:1 | Killed Louise
 34165 | Shoals:1 | Noticed Roxanne
 34172 | Shoals:1 | Found Taabarro's Armour Shoppe.
 35322 | Shoals:2 | Reached skill level 15 in Dodging
 35372 | Shoals:2 | Reached XP level 18. HP: 142/163 MP: 17/26
 35380 | Shoals:2 | Found a large runed translucent door.
 35380 | Shoals:2 | Found a large runed translucent door.
 35381 | Shoals:2 | Noticed Drain's ghost (adept HOFi)
 35386 | Shoals:2 | Killed Drain's ghost
 35390 | Shoals:2 | Identified the +0 pair of boots "Qyceh" {rC- rN++ Str+3
                  | Int+3}
 35807 | Shoals:2 | Reached skill level 5 in Stealth
 36481 | Shoals:2 | Acquired 675 gold pieces
 36875 | Shoals:3 | Found Vaeneuso's Distillery.
 36895 | Shoals:3 | Bought a potion of heal wounds for 65 gold pieces
 37244 | Shoals:3 | Reached skill level 10 in Stealth
 37590 | Shoals:3 | Found a bloodstained altar of Trog.
 38042 | D:15     | Bought a scroll of enchant weapon for 202 gold pieces
 38362 | Shoals:4 | Entered Level 4 of the Shoals
 38561 | Shoals:4 | Paralysed by an air elemental for 1 turns
 38714 | Shoals:4 | Paralysed by an air elemental for 1 turns
 39266 | Shoals:4 | Paralysed by an air elemental for 1 turns
 39513 | Shoals:4 | Found a stormy altar of Qazlal.
 39813 | Shoals:4 | Found a stormy altar of Qazlal.
 39853 | Shoals:4 | Paralysed by an air elemental for 1 turns
 39858 | Shoals:4 | Paralysed by an air elemental for 1 turns
 40232 | Shoals:4 | Found the +3 hat of Pondering {ponderous, Will+ MP+10
                  | Int+5}
 40241 | Shoals:4 | Identified the +0 falchion "Wiang" {protect, rElec rC+ MP+9
                  | Str+4}
 40244 | Shoals:4 | Got a barnacled rune of Zot
 40518 | Shoals:1 | HP: 2/163 [Roxanne/iron shot (57)]
 41113 | Elf:1    | Entered Level 1 of the Elven Halls
 41119 | Elf:1    | Gained mutation: Your body sometimes deteriorates upon
                  | taking damage. [a neqoxec]
 41121 | Elf:1    | Gained mutation: You are frail. (-10% HP) [a neqoxec]
 41130 | Elf:1    | Lost mutation: You are frail. (-10% HP) [potion of
                  | mutation]
 41130 | Elf:1    | Lost mutation: Your body sometimes deteriorates upon taking
                  | damage. [potion of mutation]
 41130 | Elf:1    | Gained mutation: You have a pair of large horns on your
                  | head. [potion of mutation]
 41130 | Elf:1    | Gained mutation: You do not regenerate when monsters are
                  | visible. [potion of mutation]
 41131 | Elf:1    | Lost mutation: You have a pair of large horns on your head.
                  | [potion of mutation]
 41131 | Elf:1    | Lost mutation: You do not regenerate when monsters are
                  | visible. [potion of mutation]
 41131 | Elf:1    | Gained mutation: You are partially covered in iridescent
                  | scales. (AC +2) [potion of mutation]
 41131 | Elf:1    | Gained mutation: You occasionally shout uncontrollably at
                  | your foes. [potion of mutation]
 41131 | Elf:1    | Gained mutation: You passively map a small area around you.
                  | [potion of mutation]
 41186 | Elf:1    | Reached XP level 19. HP: 146/170 MP: 18/27
 41798 | Elf:1    | Noticed Zenata
 41819 | Elf:1    | Killed Zenata
 42198 | Elf:1    | Got the Disquisition on the Discharge
 42391 | Elf:1    | Paralysed by an air elemental for 1 turns
 42628 | Elf:2    | Found Bire's Book Shoppe.
 42735 | Elf:2    | Found Doejuca's General Store.
 42806 | Elf:2    | Paralysed by an air elemental for 1 turns
 43015 | Elf:2    | Found a runed translucent door.
 43039 | Elf:2    | Found a runed translucent door.
 43291 | Elf:3    | Entered Level 3 of the Elven Halls
 43607 | Elf:3    | Found a radiant altar of Vehumet.
 43666 | Elf:3    | Found a runed translucent door.
 43666 | Elf:3    | Noticed Sugyll's ghost (adept TeAE)
 43801 | Elf:3    | Identified the dragon-blood talisman "Cuvynn" {rC+ Will-
                  | MP+9 Int+2}
 44026 | Elf:3    | Identified the amulet of Ceeq {Spirit Will+ Int+3}
 44087 | Elf:3    | Paralysed by an air elemental for 1 turns
 44393 | Elf:3    | Killed Sugyll's ghost
 44396 | Elf:3    | Got Nahipn's Exposition on Twisted Lava
 44431 | Elf:3    | Identified the +3 short sword of Watchfulness {flame, rC++}
 44625 | Elf:3    | Identified the +0 pair of boots of Distant Worlds {Rampage
                  | Will+ SInv}
 44982 | Elf:3    | Identified the amulet of Biesas {Reflect rN+ Dex-4 SH+5
                  | SInv}
 45000 | Elf:3    | Identified the ring "Tisumath" {rF+ rCorr Str-2 Dex+3
                  | Stlth+}
 45497 | Elf:3    | Reached XP level 20. HP: 177/184 MP: 21/30
 45558 | Elf:3    | Reached skill level 15 in Invocations
 45595 | Elf:3    | Identified the ring "Qaasu" {rC+ EV+5 Int-2 Slay+3}
 45663 | Elf:3    | Identified the ring of Fedhas's Castigation {rPois Str+3}
 46084 | Elf:3    | Got the Secrets of the Charnel House
 46606 | Elf:2    | Reached skill level 15 in Armour
 47015 | Vaults:1 | Entered Level 1 of the Vaults
 47265 | Vaults:1 | Found a crumbling gateway.
 47277 | Desolati | Entered the Desolation of Salt
 47642 | Desolati | Identified the +5 war axe "Evuako" {vamp, Contam Str+5
                  | Dex+2}
 47656 | Desolati | Identified the ring "Kapow" {Fire Int-3 Dex+5 Stlth+}
 48006 | Desolati | Identified the ring "Qukhluha" {*Slow rElec rPois rF+++
                  | Will+}
 48012 | Desolati | Got Sif Muna's Spellbook of Topology
 48014 | Desolati | Got the Handbook of Frostbite and Conjuration
 48099 | Desolati | Reached XP level 21. HP: 188/198 MP: 22/31
 48152 | Desolati | Identified the +0 arbalest of Death {flame, *Corrode rPois
                  | Int+4 Dex+2}
 48199 | Desolati | Identified the ring "Fuitsem" {rC+ MP+9 Stlth+}
 48202 | Desolati | Identified the staff of Xeudecku {rPois Int+2 Earth Poison}
 48235 | Desolati | Identified the amulet "Sofam" {RegenMP Dex+3}
 48239 | Desolati | Identified the +5 great sword "Bobaqar" {freeze, Str+6
                  | Int+4}
 49202 | Vaults:2 | Found Osake's Assorted Antiques.
 49504 | Vaults:2 | Found Ibaacath's General Store.
 49527 | Vaults:2 | Bought a scroll of enchant weapon for 127 gold pieces
 49995 | Vaults:2 | Found a staircase to the Crypt.
 50030 | Vaults:2 | Reached skill level 15 in Shields
 50162 | Vaults:2 | Found Archaud's Antique Weapon Shop.
 50423 | Vaults:2 | Found Mico's Distillery.
 50485 | Vaults:2 | Found Ybasunit's General Store.
 50962 | Vaults:3 | Found a magical portal.
 50980 | WizLab   | Entered The Hall of the Hellbinder
 51421 | WizLab   | Reached XP level 22. HP: 185/209 MP: 24/33
 51947 | WizLab   | Found a burning altar of Makhleb.
 51957 | WizLab   | Identified the ring "Tedurr" {Fly rF+ rC- Dex+3}
 52655 | Vaults:3 | Identified the +7 flail "Nore" {protect, +Blink}
 53677 | Vaults:4 | Found Diysu's Antique Weapon Shop.
 55428 | Depths:1 | Entered Level 1 of the Depths
 55445 | Depths:1 | Found Qeirr's Distillery.
 55470 | Depths:1 | Found a one-way gate to the infinite horrors of the Abyss.
 55477 | Depths:1 | Found Kiku Laqe's General Store.
 55524 | Depths:1 | Found Tarinoatz's Assorted Antiques.
 55654 | Depths:1 | Found Anuilug's Jewellery Shop.
 56155 | Depths:1 | Found Ates's Antique Weapon Boutique.
 56183 | Depths:1 | Noticed a caustic shrike
 56190 | Depths:1 | Killed a caustic shrike
 56534 | Depths:1 | Found a shadowy altar of Dithmenos.
 56626 | Depths:1 | Reached XP level 23. HP: 226/226 MP: 34/34
 56729 | Depths:1 | Paralysed by a vampire knight for 5 turns
 56897 | Depths:1 | Noticed a dread lich
 56905 | Depths:1 | Killed a dread lich
 57020 | Depths:1 | Identified the +4 shadow dragon scales of Tirehes {Str+3
                  | Stlth++++}
 57022 | Depths:1 | Got the Precepts of Pyromania and the Shift
 57106 | Depths:2 | Found a bloodstained altar of Trog.
 57117 | Depths:2 | Reached skill level 10 in Throwing
 57296 | Depths:2 | Noticed a juggernaut
 57297 | Depths:2 | Found a runed translucent door.
 57298 | Depths:2 | Noticed a caustic shrike
 57372 | Depths:2 | Found a transporter.
 57415 | Depths:2 | Found a transporter.
 57416 | Depths:2 | Found a corrupted altar of Lugonu.
 57524 | Depths:2 | Found a one-way gate leading to the halls of Pandemonium.
 58078 | Depths:3 | Noticed a caustic shrike
 58111 | Depths:3 | Found a corrupted altar of Lugonu.
 58522 | Depths:3 | Noticed a caustic shrike
 58526 | Depths:3 | Noticed a juggernaut
 58526 | Depths:3 | Noticed a juggernaut
 58813 | Depths:4 | Entered Level 4 of the Depths
 59119 | Depths:3 | Noticed a juggernaut
 59124 | Depths:3 | Killed a juggernaut
 59435 | Depths:3 | Killed a caustic shrike
 59696 | Depths:3 | Killed a juggernaut
 59719 | Depths:3 | Reached skill level 15 in Throwing
 59810 | Depths:3 | Killed a caustic shrike
 59811 | Depths:3 | Reached XP level 24. HP: 231/238 MP: 34/34
 60047 | Depths:3 | Identified the staff of Baleful Defence {rF++ SInv Conj}
 60953 | Depths:3 | Killed a juggernaut
 61493 | Depths:4 | Found a gate to the Realm of Zot.
 62615 | Depths:4 | Found a one-way gateway to a ziggurat.
 62896 | Depths:2 | Killed a juggernaut
 63436 | Depths:2 | Identified the ring of Dibiow {Fly rF- Str+8 SInv}
 63468 | Depths:2 | Acquired a manual of Armour
 64025 | Shoals:1 | Killed Roxanne
 64186 | Snake:1  | Killed Vudgh's ghost
 64958 | Vaults:2 | Bought a scroll of enchant armour for 172 gold pieces
 65057 | Vaults:5 | Entered Level 5 of the Vaults
 65135 | Vaults:5 | Reached XP level 25. HP: 176/249 MP: 34/34
 65528 | Vaults:5 | Identified the +2 leather armour of Roiry {rPois rC+ rN+
                  | Str+3}
 65665 | Vaults:5 | Reached skill level 27 in Axes
 66302 | Vaults:5 | Identified the +4 falchion "Miriulol" {drain, rN+ rCorr}
 66438 | Vaults:5 | Identified the +5 sling of Beyond {heavy, rElec Str+2}
 66695 | Vaults:5 | Got a silver rune of Zot
 67284 | Zot:1    | Entered Level 1 of the Realm of Zot
 67373 | Zot:1    | Reached skill level 27 in Fighting
 67545 | Zot:1    | Found the +4 dragonskin cloak
 67545 | Zot:1    | Noticed Tiamat
 67562 | Zot:1    | Killed Tiamat
 67843 | Zot:1    | Noticed Parghit
 67854 | Zot:1    | Killed Parghit
 68526 | Zot:2    | Reached XP level 26. HP: 266/266 MP: 34/34
 69452 | Zot:3    | Identified the dragon-blood talisman "Neyst" {rElec rN+
                  | Str-3}
 72412 | Zot:5    | Entered Level 5 of the Realm of Zot
 72758 | Zot:5    | Reached XP level 27. HP: 273/273 MP: 19/36
 72989 | Zot:5    | Noticed an orb of fire
 72993 | Zot:5    | Killed an orb of fire
 73005 | Zot:5    | Noticed an orb of fire
 73005 | Zot:5    | Noticed an ancient lich
 73007 | Zot:5    | Noticed an orb of fire
 73010 | Zot:5    | Killed an orb of fire
 73015 | Zot:5    | Killed an orb of fire
 73018 | Zot:5    | Killed an ancient lich
 73022 | Zot:5    | Noticed a dread lich
 73023 | Zot:5    | Noticed a dread lich
 73025 | Zot:5    | Noticed an ancient lich
 73028 | Zot:5    | Killed a dread lich
 73032 | Zot:5    | Killed an ancient lich
 73033 | Zot:5    | Killed a dread lich
 73472 | Zot:5    | Noticed an orb of fire
 73473 | Zot:5    | Killed an orb of fire
 73473 | Zot:5    | Noticed an orb of fire
 73473 | Zot:5    | Noticed an orb of fire
 73474 | Zot:5    | Gained mutation: You occasionally lose the ability to drink
                  | potions when taking damage. [an orb of fire]
 73479 | Zot:5    | Killed an orb of fire
 73494 | Zot:5    | Killed an orb of fire
 74062 | Zot:5    | Got the Orb of Zot
 74319 | Depths:1 | Noticed Fethei the pandemonium lord
 74323 | Depths:1 | Killed Fethei the pandemonium lord
 74405 | Depths:1 | Noticed Ulehul the pandemonium lord
 74460 | D:12     | Noticed Lalumy the pandemonium lord
 74468 | D:12     | Killed Lalumy the pandemonium lord
 74555 | D:10     | Reached skill level 15 in Evocations
 74661 | D:3      | Noticed an ancient lich
 74663 | D:3      | Noticed Kotuopen the pandemonium lord
 74677 | D:2      | Noticed Zesuq the pandemonium lord
 74701 | D:$      | Escaped with the Orb!

Illustrated notes

Levels and vault maps discovered:
D:1:      noname_arrival_rooms_in_the_neighbourhood, layout_rooms
D:2:      layout_loops_cross, basic_ecumenical_altar
D:3:      layout_loops_ring, minmay_three_crescents, uniq_jessica, uniq_natasha,
          uniq_crazy_yiuf_cottage
D:4:      cheibrodos_fertilizer, layout_loops_ring,
          mainiacjoe_overflow_boulevard, minmay_temple_entry_statues_pillars
D:5:      layout_basic, mainiacjoe_overflow_alcove_2, minitemple
D:6:      layout_loops_cross, serial_rivers, chequers_serial_rivers_marsh,
          chequers_serial_rivers_micro_c, chequers_serial_rivers_micro_d,
          chequers_serial_rivers_micro_b
D:7:      layout_cave_pools, gammafunk_temple_overflow_elements, serial_shops,
          shop, grunt_ministairs_3, uniq_jeremiah
D:8:      layout_layer_cave, dpeg_oklobed_lair, monkooky_shop_mail_order
D:9:      layout_small_grid
D:10:     layout_big_octagon, nicolae_overflow_hidden_temple,
          nicolae_hepliaklqana_monster_ancestors, nicolae_trove_entry_crystal,
          chequers_big_river, uniq_erolcha, uniq_josephine
D:11:     minmay_the_grid_triangle_9x9_recursive_2
          [minmay_the_grid_triangle_9x9_prize_schism,
          minmay_the_grid_triangle_9x9_fully_insulated_deathbox,
          minmay_the_grid_triangle_9x9_sparse_checkered,
          minmay_the_grid_triangle_9x9_intruding_spiral], layout_cave_pods,
          orc_david_3, nicolae_sextant
D:12:     layout_loops_ring
D:13:     layout_roguey, nicolae_ru_path_of_blood
D:14:     gammafunk_boulding_lane, layout_cave_pods,
          lightli_vaults_fourway_checkpoint, minmay_fountain_box, led_sif_book
D:15:     hangedman_depths_entry_civil_slaughter, layout_loops_ring,
          nzn_wu_jian_contemplation, serial_shops, nicolae_shop_window_shopping
Lair:1:   layout_layer_cave, gammafunk_ghost_icy, beast_lair_carwin_10,
          uniq_gastronok
Lair:2:   layout_regular_city, elwin_shoals_entry_rooms,
          guppyfry_snake_entry_island, serial_forest,
          infiniplex_forest_zigzag_1, infiniplex_forest_straight_4,
          infiniplex_forest_clump_medium, infiniplex_forest_3_way,
          infiniplex_forest_end_3, infiniplex_forest_lined_room_,
          infiniplex_forest_3_way, infiniplex_forest_straight_1,
          nicolae_volcano_entry_two_sided, cheibrodos_lair_caveside_slide
Lair:3:   layout_regular_city, serial_bayou_shore_b, uniq_rupert, uniq_urug
Lair:4:   layout_roguey, grunt_forest_stairs_basic,
          chequers_serial_rivers_micro_d, nicolae_lair_grazing_beasts
          [nicolae_sub_lair_graze_edge, nicolae_sub_lair_graze_edge,
          nicolae_sub_lair_graze_edge, nicolae_sub_lair_graze_edge]
Lair:5:   evil_forest, layout_regular_city, slime_entry_1,
          gauntlet_entry_generic, kennysheep_snail_temple
Shoals:1: layout_shoals, serial_shops, nicolae_lakefront_shop,
          nicolae_shoals_water_shrine, uniq_louise, uniq_roxanne
Shoals:2: layout_shoals, ebering_ghost_disaster_area,
          nicolae_shoals_enchanted_isle
Shoals:3: layout_shoals, serial_shops, shop_statue, lemuel_centaur_altar
Shoals:4: shoals_end_hellmonk_storm_palace [storm_palace_center_ruins,
          storm_palace_corner_altar, storm_palace_corner_reverse_hut,
          storm_palace_corner_altar, storm_palace_corner_reverse_hut],
          serial_shops
Snake:1:  layout_layer_cave, ebering_ghost_xom, nicolae_shop_self_help,
          nicolae_integral_box
Snake:2:  layout_grid_maze, serial_library_hellmonk_hallway_b,
          serial_bayou_shore_b, minmay_shop_star, uniq_aizul
Snake:3:  layout_onion, nicolae_snake_boneroom
Snake:4:  snake_pit, layout_cave_town, nicolae_snake_salamander_fort
Orc:1:    layout_caves, portal_ice_cave_entry_pillars_1, uniq_jorgrun
Orc:2:    st_orc_ogre_mass, layout_caves, basic_altar,
          nicolae_orc_crystal_geode, uniq_donald
Elf:1:    layout_geoelf_diagonals, minmay_elf_annihilation, uniq_zenata
Elf:2:    nicolae_elf_blades_splatter_lattice
          [nicolae_blade_entry_splitting_headache], layout_geoelf_octagon,
          serial_shops, shop, nicolae_take_the_stairs
Elf:3:    nooodl_elf_gasket, layout_gridlike, gammafunk_ghost_grave, basic_altar
Vaults:1: portal_desolation_entry_nicolae_nacl, v_misc_26,
          ontoclasm_vaults_ring_large, nicolae_vaults_murder_corner,
          vaults_room_hallway, nicolae_vaults_network_star, vaults_room_corners,
          v_misc_11, nicolae_vaults_trapezoid_lopsided_1,
          hangedman_vaults_slice, vaults_dpeg_diagonal,
          nicolae_vaults_network_periphery, v_misc_25, vaults_dpeg_ring,
          ontoclasm_vaults_ring_small, layout_vaults_maze_bifur
Vaults:2: nicolae_vaults_rhombus_6, v_rooms_4, nicolae_vaults_minivaults,
          v_misc_27, nicolae_vaults_octothorpe,
          minmay_crypt_entry_simple_statues, vaults_room_octagon, v_misc_9,
          nicolae_vaults_windows_and_doors_thing, v_pattern_5,
          nicolae_vaults_closet_pinwheel_3, nicolae_vaults_circle_grid_b,
          ontoclasm_vaults_gateway, nicolae_vaults_trapezoid_lopsided_4,
          layout_vaults_omnibox, serial_shops, shop, shop_statue,
          nicolae_shop_stone, shop, nicolae_shop_temple_entry_statues_fountains
Vaults:3: mu_enter_wizlab_1, nicolae_vaults_meiosis, nicolae_vaults_diamond_1,
          nicolae_vaults_stepped_doors, nicolae_vaults_house_2,
          nicolae_vaults_murderbox, vaults_mumra_hexcomb,
          ontoclasm_vaults_idyll, nicolae_vaults_trapezoid_layered,
          nicolae_vaults_trapezoid_lopsided_3, nicolae_vaults_three_branches,
          nicolae_vaults_storage_closets_2, ontoclasm_vaults_hangar,
          nicolae_vaults_more_shelving_2, layout_vaults_omnicross
Vaults:4: nicolae_vaults_little_squares_6, nicolae_vaults_diffraction_hallways,
          v_pattern_2, nicolae_vaults_trapezoid_2, nicolae_vaults_octothorpe,
          nicolae_vaults_door_testing_chamber, ontoclasm_vaults_bender,
          nicolae_vaults_diamond_2, hangedman_vaults_nails,
          layout_vaults_omnigrid, serial_shops, nicolae_shop_behind_doors
Vaults:5
Depths:1: bobbens_index_wilting_gardens, layout_honeycomb, serial_shops,
          nicolae_shop_behind_doors, shop, shop, nicolae_shop_tiny_waterfront,
          shop_statue, nicolae_dithmenos_shadow_blocks, abyss_entry_glasseish,
          hell_entry, kennysheep_just_a_vault, firewood_loft
Depths:2: gammafunk_corrupted_shrine, layout_twisted_cross,
          rand_demon_pan_entry_9, abyss_entry_small_statue_room,
          trog_three_pillars_becter, hell_entry, minmay_st_funbox,
          dk_noncrumbling_4
Depths:3: minmay_octagon_city, layout_basic, hell_entry, grunt_decor_cap,
          abyss_entry_flame_altar, chequers_serial_rivers_large_a
Depths:4: evilmike_zot_entry_argh, layout_gridlike, enter_ziggurat_d,
          grunt_pan_entry_spiral, hell_entry, abyss_entry,
          hangedman_abyss_or_decor_clamps, minmay_misc_feat_ornament, kb_rosetta
Zot:1:    layout_basic, regret_index_zotdec_wing_it, st_large_dragon_hoard_3,
          uniq_parghit, uniq_tiamat
Zot:2:    layout_twisted_circle
Zot:3:    regret_index_zot_pan_timeshare, layout_misc_corridors
Zot:4:    layout_misc_corridors, regret_index_zotdec_barnacled_simple
Zot:5:    layout_cathedral_of_symmetry, grunt_ministairs_8

Skill      XL: |  1  2  3  4  5  6  7  8  9 10 11 12 13 14 15 16 17 18 19 20 21 22 23 24 25 26 27 |
---------------+----------------------------------------------------------------------------------+-----
Axes           | 4 5 6 7 8 9 10 11 13 16 18 20 22 25 26 27 | 27.0
Armour         | 3 4 7 9 10 11 13 14 17 18 21 24 25 | 25.0
Fighting       | 5 7 10 12 14 15 17 19 20 23 24 25 27 | 27.0
Throwing       | 3 6 8 15 16 | 16.0
Evocations     | 3 5 8 9 10 12 13 15 | 15.0
Shields        | 6 12 13 16 18 21 24 | 24.0
Dodging        | 5 6 10 15 | 15.7
Invocations    | 10 13 14 15 17 20 | 20.0
Stealth        | 3 4 12 | 12.5
Spellcasting   | |  1.0
Fire Magic     | |  2.1

Action                     |  1- 3 |  4- 6 |  7- 9 | 10-12 | 13-15 | 16-18 | 19-21 | 22-24 | 25-27 || total
---------------------------+-------+-------+-------+-------+-------+-------+-------+-------+-------++-------
  Melee: Hand axe          |   102 |    81 |   193 |       |    18 |       |       |       |       ||   394
         Headbutt          |    11 |     8 |    49 |   104 |   271 |   352 |   358 |   461 |   411 ||  2025
         Punch             |     1 |     1 |     2 |     8 |     5 |       |       |       |       ||    17
         Demon whip        |       |       |    38 |   276 |       |       |       |       |       ||   314
         War axe           |       |       |    38 |       |       |       |       |       |       ||    38
         Broad axe         |       |       |       |   173 |  1040 |  1198 |  1288 |  1342 |  1189 ||  6230
  Throw: Dart              |       |     3 |     2 |    18 |     6 |       |       |       |       ||    29
         Javelin           |       |     2 |       |     2 |     1 |       |       |     7 |       ||    12
         Boomerang         |       |       |       |     1 |       |       |       |       |       ||     1
 Invoke: Fiery Armour      |       |     1 |     1 |     1 |     1 |       |       |       |       ||     4
         Foxfire Swarm     |       |       |     2 |     1 |       |       |       |       |       ||     3
         Rising Flame      |       |       |       |       |     1 |       |       |       |       ||     1
         Grand Finale      |       |       |       |       |       |     4 |     5 |     4 |     9 ||    22
  Evoke: Wand              |       |       |       |    14 |     6 |     7 |     4 |     4 |       ||    35
         Sack of spiders   |       |       |       |       |     2 |     1 |       |     1 |       ||     4
         Phial of floods   |       |       |       |       |     1 |     1 |     1 |       |       ||     3
         Condenser vane    |       |       |       |       |     1 |     1 |     2 |     1 |       ||     5
         Lightning rod     |       |       |       |       |       |     6 |     1 |     1 |     2 ||    10
         Phantom mirror    |       |       |       |       |       |       |     1 |     1 |       ||     2
    Use: Scroll            |     5 |     2 |     9 |     3 |    11 |    16 |    11 |    17 |     6 ||    80
         Potion            |       |       |     1 |     2 |     1 |     4 |     1 |     1 |     3 ||    13
   Stab: Distracted        |       |       |     1 |       |     1 |       |     3 |     8 |       ||    13
         Invisible         |       |       |       |       |     1 |       |       |       |       ||     1
         Paralysed         |       |       |       |       |    15 |   169 |   165 |   223 |   204 ||   776
         Sleeping          |       |       |       |       |       |       |     6 |    14 |       ||    20
 Armour: Scale mail        |    70 |       |       |       |       |       |       |       |       ||    70
         Robe              |     7 |       |       |       |       |       |       |       |       ||     7
         Leather armour    |       |    23 |       |       |       |       |       |       |       ||    23
         Plate armour      |       |    28 |   189 |   312 |   579 |   545 |   441 |   234 |       ||  2328
         Shadow dragon sca |       |       |       |       |       |       |       |   355 |       ||   355
         Gold dragon scale |       |       |       |       |       |       |       |    16 |   658 ||   674
  Dodge: Dodged            |    49 |    38 |   102 |   114 |   303 |   414 |   324 |   408 |   444 ||  2196
  Block: Kite shield       |       |       |       |       |   193 |       |       |       |       ||   193
         Tower shield      |       |       |       |       |   357 |  1051 |   767 |   964 |  1021 ||  4160

Table legend: (Time is in decaauts)
 A = Elapsed time spent in this place.
 B = Non-inter-level travel time spent in this place.
 C = Inter-level travel time spent in this place.
 D = Time resting spent in this place.
 E = Time spent auto-exploring this place.
 F = Levels seen in this place.
 G = Mean time per level.
                   A        B        C        D        E       F      G
               +--------+--------+--------+--------+--------+-----+--------+
         Total |  73691 |  65186 |   8505 |   6960 |  41452 |  52 | 1417.1 |
       Dungeon |  15246 |  12223 |   3023 |    336 |   9120 |  15 | 1016.4 |
          Lair |   8823 |   7290 |   1533 |   1074 |   4749 |   5 | 1764.6 |
        Shoals |   6656 |   5935 |    721 |    565 |   3906 |   4 | 1664.0 |
     Snake Pit |   7594 |   6964 |    630 |   1128 |   4330 |   4 | 1898.5 |
  Orcish Mines |   2243 |   1949 |    294 |    345 |   1065 |   2 | 1121.5 |
   Elven Halls |   5658 |   5291 |    367 |    425 |   3410 |   3 | 1886.0 |
        Vaults |   7557 |   7056 |    501 |    414 |   4497 |   5 | 1511.4 |
        Depths |   8926 |   7796 |   1130 |    972 |   4625 |   4 | 2231.5 |
           Zot |   6707 |   6406 |    301 |    385 |   4514 |   5 | 1341.4 |
      Ice Cave |   1182 |   1182 |      0 |     80 |    611 |   1 | 1182.0 |
       Volcano |    431 |    431 |      0 |    191 |      0 |   1 |  431.0 |
        Wizlab |   1144 |   1144 |      0 |    556 |    211 |   1 | 1144.0 |
    Desolation |   1024 |   1024 |      0 |    325 |    293 |   1 | 1024.0 |
      Gauntlet |    494 |    494 |      0 |    162 |    121 |   1 |  494.0 |
               +--------+--------+--------+--------+--------+-----+--------+

Top non-repeatable levels by time:
Depths:3: 2615 daAuts
   Elf:3: 2520 daAuts
 Snake:4: 2365 daAuts
Depths:2: 2325 daAuts
Depths:1: 2309 daAuts
Shoals:1: 2102 daAuts
  Lair:1: 2076 daAuts
    D:11: 2019 daAuts
Shoals:4: 2010 daAuts
 Snake:3: 1922 daAuts
  Lair:5: 1861 daAuts
 Snake:1: 1861 daAuts
Vaults:5: 1822 daAuts
  Lair:3: 1783 daAuts
   Elf:2: 1783 daAuts
